 Dungeon Crawl Stone Soup version 0.14-a0-1036-g6cac21b (webtiles) character file.

462 PolkaDot the Ruinous (level 6, -1/41 HPs)
             Began as a Vampire Conjurer on Nov 24, 2013.
             Slain by a worker ant (8 damage)
             ... on Level 3 of the Dungeon.
             The game lasted 00:10:59 (3615 turns).

PolkaDot the Ruinous (Vampire Conjurer)             Turns: 3615, Time: 00:10:59

HP  -1/41        AC  2     Str  7      XL: 6   Next: 49%
MP   4/10        EV 12     Int 19      God:
Gold 75          SH  0     Dex 14      Spells:  2 memorised,  4 levels left

Res.Fire  : . . .   See Invis. : +   (no weapon)
Res.Cold  : . . .   Warding    : .   a - +0 robe
Life Prot.: . . .   Conserve   : .   (no shield)
Res.Poison: .       Res.Corr.  : .   (no helmet)
Res.Elec. : .       Clarity    : .   (no cloak)
Sust.Abil.: + .     Spirit.Shd : .   (no gloves)
Res.Mut.  : .       Stasis     : .   (no boots)
Res.Rott. : .       Flight     : .   (no amulet)
Saprovore : . . .                    (no ring)
                                     g - ring of sustain abilities {unknown}

@: regenerating quickly, slightly resistant to hostile enchantments, stealthy
A: bottle blood, fangs 3, see invisible, unbreathing
a: Bottle Blood


You were on level 3 of the Dungeon.
You were full.

You visited 1 branch of the dungeon, and saw 4 of its levels.

You collected 75 gold pieces.

Inventory:

Armour
 a - a +0 robe (worn)
Scrolls
 b - a scroll of curse weapon {unknown}
 d - 4 scrolls of remove curse {unknown}
 e - a scroll of recharging {unknown}
 f - a scroll of curse armour {unknown}
 i - a scroll of enchant weapon II {unknown}
 k - 2 scrolls of identify {unknown}
 m - 4 scrolls of enchant armour {unknown}
 o - 4 scrolls of random uselessness {unknown}
 q - a scroll of noise {unknown}
Jewellery
 g - a ring of sustain abilities (left hand) {unknown}
Potions
 h - a potion of degeneration
 j - 2 potions of heal wounds {unknown}
 l - a potion of brilliance {unknown}
 n - 2 potions of curing
 p - a potion of speed {unknown}
 r - a potion of confusion {unknown}
Books
 c - a book of Conjurations

   Spells                             Type                      Level
   *Magic Dart                        Conjuration                  1
   *Searing Ray                       Conjuration                  2
   Dazzling Spray                     Conjuration/Hexes            3
   Iskenderun's Mystic Blast          Conjuration                  4
   Iskenderun's Battlesphere          Conjuration/Charms           4
   Fulminant Prism                    Conjuration/Hexes            5
 s - a book of Death

   Spells                             Type                      Level
   Corpse Rot                         Necromancy                   2
   Sublimation of Blood               Necromancy                   2
   Agony                              Necromancy                   5
   Dispel Undead                      Necromancy                   5
   Excruciating Wounds                Charms/Necromancy            5
   Bolt of Draining                   Conjuration/Necromancy       5


   Skills:
 - Level 2.1 Dodging
 - Level 3.0 Stealth
 - Level 1.0 Spellcasting
 * Level 6.0 Conjurations


You had 4 spell levels left.
You knew the following spells:

 Your Spells              Type           Power        Failure   Level  Hunger
a - Magic Dart            Conj           ###.         1%          1    ##.....
s - Searing Ray           Conj           ###...       2%          2    ###....


Dungeon Overview and Level Annotations

Branches:
Dungeon (4/16)
 Temple: D:4-7

Altars:


Innate Abilities, Weirdness & Mutations

Your natural rate of healing is unusually fast.
You can bottle blood from corpses.
You have razor-sharp teeth.*
You have supernaturally acute eyesight.
You can survive without breathing.*


Message History

The worker ant bites you.
* * * LOW HITPOINT WARNING * * *
You climb upwards.
There is a stone staircase leading down here.
The worker ant bites you but does no damage.
The worker ant bites you.
* * * LOW HITPOINT WARNING * * *
You are poisoned.
The worker ant poisons you!
* * * LOW HITPOINT WARNING * * *
You feel sick.
* * * LOW HITPOINT WARNING * * *
You feel sick. The worker ant bites you!
* * * LOW HITPOINT WARNING * * *
You are more poisoned.
The worker ant poisons you!
Drink which item? (? for menu, Esc to quit)
You feel better.
It was a potion of curing.
The worker ant bites you!
You die...

#.........#.#.#####.#
#.# #.#########.#.#
#.# #.# #.# #.#.# #.#
#.# #.# #.#.# #.# #.#
#[# #.#.# #.# #.# #.#
#.#.#####.#####.# #.#
#.#.............# #.#
#.#######.####### #.#
#....a@...#
#.###################
#...............#
#.#############.# #.#
#.# ###############.#
................#
#################


You could see a worker ant.

Vanquished Creatures
  An ogre (D:4)
  A phantom (D:3)
  An orc priest (D:3)
  A centaur skeleton (D:3)
  An orc wizard (D:3)
  7 adders
  A giant mite (D:1)
  An ooze (D:2)
  3 orcs (D:3)
  A ball python (D:2)
  2 giant cockroaches
  13 goblins
  6 hobgoblins
  6 jackals
  2 quokkas (D:2)
  6 bats
  3 giant geckos
  3 giant newts
  6 kobolds
  4 rats
69 creatures vanquished.

Notes
Turn   | Place    | Note
--------------------------------------------------------------
     0 | D:1      | PolkaDot, the Vampire Conjurer, began the quest for the Orb.
     0 | D:1      | Reached XP level 1. HP: 13/13 MP: 4/4
   116 | D:1      | Reached XP level 2. HP: 11/19 MP: 0/5
  1155 | D:2      | Learned a level 2 spell: Searing Ray
  1159 | D:2      | Reached XP level 3. HP: 24/24 MP: 2/6
  1364 | D:2      | Reached skill level 4 in Conjurations
  1672 | D:2      | HP: 1/24 [jackal (2)]
  1926 | D:2      | Reached XP level 4. HP: 30/30 MP: 4/8
  2327 | D:3      | Reached XP level 5. HP: 8/35 MP: 6/9
  2912 | D:3      | Reached skill level 5 in Conjurations
  3080 | D:3      | Noticed a phantom
  3104 | D:3      | Killed a phantom
  3104 | D:3      | Reached XP level 6. HP: 39/41 MP: 3/10
  3584 | D:4      | Reached skill level 6 in Conjurations
  3614 | D:3      | HP: 1/41 [worker ant (7)]
  3615 | D:3      | Slain by a worker ant

Action                   |  1- 3 |  4- 6 || total
-------------------------+-------+-------++-------
Melee: Unarmed           |    45 |    18 ||    63
 Cast: Magic Dart        |    74 |    36 ||   110
       Searing Ray       |     3 |    13 ||    16
  Use: Potion            |     1 |     4 ||     5
